 Dungeon Crawl Stone Soup version 0.25.0-7-g216d0a8 (webtiles) character file.

Game seed: 2648903913730984936

5506 Brutalitops the Basher (level 10, -4/107 HPs)
             Began as an Ogre Assassin on June 15, 2020.
             Was a Believer of Dithmenos.
             Asphyxiated
             ... on level 8 of the Dungeon.
             The game lasted 00:42:07 (11958 turns).

Brutalitops the Basher (Ogre Assassin)             Turns: 11958, Time: 00:42:08

Health: -4/107     AC: 11    Str: 20    XL:     10   Next: 70%
Magic:  10/10      EV: 13    Int: 12    God:    Dithmenos [**....]
Gold:   0          SH:  0    Dex:  8    Spells: 8/9 levels left

rFire    + . .     SeeInvis .   r - +2 giant spiked club
rCold    . . .     Gourm    .   (shield currently unavailable)
rNeg     . . .     Faith    .   w - +2 acid dragon scales
rPois    .         Spirit   .   p - +0 hat
rElec    .         Reflect  .   c - +1 cloak
rCorr    +         Harm     .   (gloves unavailable)
MR       +....                  (boots unavailable)
Stlth    ++........             (no amulet)
HPRegen  0.27/turn              j - ring of stealth
MPRegen  0.12/turn              i - +4 ring of evasion

@: lethally poisoned (-4 -> -10), wreathed by umbra, very heavily drained
A: large, unfitting armour, antennae 1, talons 1, clumsy 1, fire resistance 1,
tough skin 1
a: Shadow Step, Renounce Religion


You were on level 8 of the Dungeon.
You worshipped Dithmenos.
Dithmenos was pleased with you.
You were hungry.

You visited 1 branch of the dungeon, and saw 8 of its levels.

Inventory:

Hand Weapons
 a - a +2 dagger
 r - a +2 giant spiked club (weapon)
 u - a +3 flail of freezing
Missiles
 d - 19 poisoned darts
 g - 12 boomerangs
 x - a large rock (quivered)
Armour
 c - a +1 cloak (worn)
 p - a +0 hat (worn)
 w - +2 acid dragon scales (worn)
Jewellery
 i - a +4 ring of evasion (right hand)
 j - a ring of stealth (left hand)
Wands
 k - a wand of paralysis (17)
 l - a wand of digging (3)
 o - a wand of polymorph (8)
 t - a wand of random effects (14)
Scrolls
 b - a scroll of amnesia
 s - a scroll of fog
 v - 2 scrolls of remove curse
Comestibles
 f - 7 rations


   Skills:
 + Level 9.4(3.8) Fighting
 - Level 3.0(0.0) Short Blades
 * Level 9.8(4.2) Maces & Flails
 + Level 4.7(0.0) Throwing
 + Level 0.4(0.0) Armour
 + Level 6.2(1.1) Dodging
 - Level 3.7(0.0) Stealth


You had 8 spell levels left.
You knew the following spells:

 Your Spells              Type           Power        Failure   Level  Hunger
a - Corona                Hex            #......      41%         1    ##.....

Your spell library contained the following spells:

 Spells                   Type           Power        Failure   Level  Hunger
 Animate Skeleton         Necr           N/A          41%         1    ##.....
 Apportation              Tloc           #.....       41%         1    ##.....
 Summon Small Mammal      Summ           #...         41%         1    ##.....


Dungeon Overview and Level Annotations

Branches:
Dungeon (8/15)             Temple (0/1) D:6
   Lair: D:8-11

Altars:
Dithmenos
Elyvilon
Fedhas
Makhleb
Uskayaw

Shops:
D:4 (   D:8 }

Portals:
Abyss: D:6

Annotations:
D:2 Sigmund
D:6 2 transporters, Forgeling's ghost, novice FoFE
D:8 Maurice


Innate Abilities, Weirdness & Mutations

You are too large for most types of armour.
You have tough skin. (AC +1)
You have a pair of small antennae on your head.
You have sharp toenails.
You are clumsy. (Dex -2)
Your flesh is heat resistant. (rF+)


Message History

The vampire is severely damaged.
Maurice hits you but does no damage.
You feel drained. The vampire hits you.
* * * LOW HITPOINT WARNING * * *
The vampire misses you. Maurice barely misses you.
Unknown command.
The vampire points at you and mumbles some strange words.
You easily resist.
Maurice throws a curare-tipped dart.
The curare-tipped dart completely misses you.
You aren't carrying any potions.
Okay, then.
Maurice casts a spell.
Maurice flickers and vanishes!
Deactivating autopickup; reactivate with Ctrl-A.
You are feeling hungry.
A curare-tipped dart appears from out of thin air!
The curare-tipped dart hits you.
You are lethally poisoned!
You have difficulty breathing.
You die...

######## ######......#
##...##......#
#......[.....# ..
#............# ..(
######...(.......#
...##...##..(##......#
........#######......#
..............V.@....#
................p....#
....$..(.............#
...##...##...........#
#...##...........#
##.........(......#
#....##...##......# .
#....##...##......# .
#....#.....#......#


You could see a vampire and a neutral freed slave (wandering).

Vanquished Creatures
  Pikel (D:8)
  Joseph (D:8)
  Psyche (D:8)
  Maggie (D:8)
  3 hippogriffs
  Eustachio (D:4)
  4 yaks (D:8)
  Menkaure (D:6)
  An orc warrior (D:8)
  An ice beast (D:6)
  A slave (D:7)
  A black bear (D:7)
  3 phantoms
  3 sky beasts
  2 ogres
  4 centaurs (D:5)
  A big kobold (D:7)
  A water moccasin zombie (D:6)
  A scorpion (D:7)
  4 wights (D:6)
  3 howler monkeys
  5 crimson imps
  2 centaur zombies
  4 orc priests
  2 hounds
  A bullfrog skeleton (D:8)
  2 bullfrog zombies
  3 orc wizards
  5 worker ants
  Natasha (thrice) (D:2)
  An iguana (D:7)
  A worker ant zombie (D:2)
  A howler monkey skeleton (D:6)
  5 adders
  2 shadow imps
  2 oozes
  An adder zombie (D:8)
  A worm (D:3)
  4 dart slugs
  5 leopard geckos
  17 orcs
  3 giant cockroaches
  5 goblins
  5 hobgoblins
  4 jackals
  2 quokkas (D:3)
  2 ball pythons
  10 bats
  3 frilled lizards
  16 kobolds
  A quokka skeleton (D:4)
  7 rats
164 creatures vanquished.

Vanquished Creatures (others)
  An eye of draining (D:8)
  A slave (D:8)
  A centaur (D:8)
  A big kobold (D:8)
  An orc wizard (D:8)
  2 kobolds (D:8)
7 creatures vanquished.

Grand Total: 171 creatures vanquished

Notes
Turn   | Place    | Note
-------+----------+-------------------------------------------
     0 | D:1      | Brutalitops the Ogre Assassin began the quest for the Orb.
     0 | D:1      | Reached XP level 1. HP: 22/22 MP: 1/1
   155 | D:1      | Reached skill level 1 in Dodging
   177 | D:1      | Reached XP level 2. HP: 25/31 MP: 2/2
   726 | D:1      | Reached XP level 3. HP: 37/39 MP: 3/3
  1043 | D:1      | Gained mutation: You have a pair of small antennae on your
                  | head. [potion of mutation]
  1043 | D:1      | Gained mutation: You have sharp toenails. [potion of
                  | mutation]
  1043 | D:1      | Gained mutation: You are clumsy. (Dex -2) [potion of
                  | mutation]
  1043 | D:1      | Gained mutation: Your flesh is heat resistant. (rF+)
                  | [potion of mutation]
  1367 | D:2      | Noticed Sigmund
  1376 | D:2      | Noticed Natasha
  1578 | D:2      | Killed Natasha
  1578 | D:2      | Reached XP level 4. HP: 39/49 MP: 4/4
  1862 | D:3      | Noticed a phantom
  1891 | D:2      | Noticed Natasha
  2150 | D:2      | Killed Natasha
  2322 | D:3      | Reached XP level 5. HP: 55/55 MP: 5/5
  2562 | D:3      | Reached skill level 5 in Fighting
  3283 | D:2      | Noticed Natasha
  3453 | D:4      | Found Deakk's Weapon Shoppe.
  3484 | D:4      | Reached XP level 6. HP: 39/66 MP: 6/6
  3641 | D:4      | Noticed Eustachio
  3678 | D:4      | Found a blossoming altar of Fedhas.
  3678 | D:4      | Found a shadowy altar of Dithmenos.
  3679 | D:4      | Found a hide-covered altar of Uskayaw.
  3908 | D:4      | Became a worshipper of Dithmenos the Shadowed
  3948 | D:4      | Noticed a phantom
  3965 | D:4      | Killed a phantom
  4010 | D:4      | Killed Eustachio
  4010 | D:4      | Reached XP level 7. HP: 75/75 MP: 7/7
  4661 | D:2      | Killed Natasha
  4721 | D:5      | Entered Level 5 of the Dungeon
  4884 | D:5      | Found a burning altar of Makhleb.
  5030 | D:5      | Reached XP level 8. HP: 84/84 MP: 8/8
  5145 | D:5      | Reached skill level 5 in Dodging
  5388 | D:5      | Reached skill level 1 in Maces & Flails
  7303 | D:6      | Noticed Menkaure
  7438 | D:6      | Killed Menkaure
  7600 | D:6      | Reached XP level 9. HP: 71/94 MP: 9/9
  7722 | D:6      | Reached * piety under Dithmenos
  7722 | D:6      | Reached skill level 5 in Maces & Flails
  7855 | D:6      | Learned a level 1 spell: Corona
  8048 | D:6      | Found a white marble altar of Elyvilon.
  8405 | D:6      | You fall into a shaft and drop 1 floor!
  8505 | D:6      | Noticed a rust devil
  8506 | D:6      | Found a one-way gate to the infinite horrors of the Abyss.
  8508 | D:6      | Noticed Forgeling's ghost (novice FoFE)
  8541 | D:6      | Found a transporter.
  8691 | D:6      | Found a staircase to the Ecumenical Temple.
  8777 | D:6      | Noticed an orange demon
  8779 | D:6      | Noticed a thrashing horror
  8806 | D:6      | Found a transporter.
  9740 | D:8      | Noticed Pikel
  9765 | D:8      | Noticed Psyche
 10207 | D:8      | Upgraded the game from 0.25.0-3-gd7cc568 to
                  | 0.25.0-7-g216d0a8
 10696 | D:8      | Noticed Joseph
 10707 | D:8      | Killed Joseph
 10707 | D:8      | Reached XP level 10. HP: 32/106 MP: 10/10
 10995 | D:8      | Noticed Maurice
 11024 | D:8      | Noticed Maggie
 11075 | D:8      | Paralysed by Psyche for 2 turns
 11089 | D:8      | Killed Psyche
 11177 | D:8      | Killed Pikel
 11267 | D:8      | Found Feiduuh's Gadget Shoppe.
 11271 | D:8      | Reached ** piety under Dithmenos
 11291 | D:8      | Killed Maggie
 11948 | D:8      | HP: 4/107 [vampire/vampiric draining (7)]
 11958 | D:8      | Asphyxiated

Illustrated notes

Levels and vault maps discovered:
D:1:      minmay_arrival_wavy_path, layout_loops_cross
D:2:      layout_basic, uniq_sigmund, uniq_natasha
D:3:      layout_rooms
D:4:      layout_loops_ring, grunt_temple_overflow_open, serial_shops,
          nicolae_shop_temple_entry_statues_fountains, first_ration,
          uniq_eustachio
D:5:      layout_layer_cave, minmay_misc_feat_cross, bloody_makhleb
D:6:      minmay_evil_eye, layout_basic, old_standard_altar,
          minmay_temple_entry_enclosed_plants, gammafunk_ghost_abyssal_escape,
          uniq_menkaure
D:7:      black_bear_nest_2, layout_basic
D:8:      layout_gridville, serial_shops, shop, uniq_psyche, uniq_joseph,
          uniq_pikel, uniq_maggie, uniq_maurice

Skill      XL: |  1  2  3  4  5  6  7  8  9 10 |
---------------+-------------------------------+-----
Fighting       | 3 4 5 6 7 8 9 |  9.4
Dodging        | 1 2 3 4 5 6 |  6.2
Short Blades   | 2 3 |  3.0
Throwing       | 3 4 |  4.7
Stealth        | 3 |  3.7
Maces & Flails | 4 7 9 |  9.8
Armour         | |  0.4

Action                   |  1- 3 |  4- 6 |  7- 9 | 10-12 || total
-------------------------+-------+-------+-------+-------++-------
Melee: Dagger            |   104 |   163 |    49 |       ||   316
       Kick              |    10 |    27 |    74 |    14 ||   125
       Unarmed           |       |       |     1 |       ||     1
       Giant spiked club |       |       |   254 |    68 ||   322
       Flail             |       |       |    68 |       ||    68
Throw: Dart              |       |     3 |       |    16 ||    19
       Boomerang         |       |    13 |       |       ||    13
       Large rock        |       |     9 |     7 |     5 ||    21
 Cast: Corona            |       |       |     1 |       ||     1
  Use: Scroll            |     7 |     5 |     7 |     2 ||    21
       Potion            |     1 |     7 |     3 |     1 ||    12
 Stab: Sleeping          |     2 |     4 |    12 |       ||    18
  Eat: Ration            |     1 |     1 |     5 |     1 ||     8
       Chunk             |       |     3 |     5 |       ||     8
Armor: Robe              |    31 |    42 |   130 |     4 ||   207
       Skin              |       |       |    25 |       ||    25
       Acid dragon scale |       |       |       |    33 ||    33
Dodge: Dodged            |    40 |    73 |   269 |    57 ||   439
